 Dungeon Crawl Stone Soup version 0.28.0 (webtiles) character file.

Game seed: 15129993675145863410

63 lonewolfV2 the Ducker (level 3, -6/36 HPs)
             Began as a Troll Fighter on Feb 10, 2022.
             Mangled by Sigmund (8 damage)
             ... on level 2 of the Dungeon.
             The game lasted 00:03:04 (839 turns).

lonewolfV2 the Ducker (Troll Fighter)                Turns: 839, Time: 00:03:05

Health: -6/36      AC:  4    Str: 26    XL:     3   Next: 87%
Magic:  2/2        EV:  8    Int:  4    God:
Gold:   56         SH:  7    Dex:  9    Spells: 2/2 levels left

rFire   . . .      SeeInvis .     - Unarmed
rCold   . . .      Faith    .   b - +0 kite shield
rNeg    . . .      Spirit   .   a - +0 robe
rPois   .          Reflect  .   (helmet restricted)
rElec   .          Harm     .   (no cloak)
rCorr   .          Rampage  .   (gloves unavailable)
Will    .....                   (boots unavailable)
Stlth   +.........              (no amulet)
HPRegen 0.92/turn               (no ring)
MPRegen 0.08/turn               (no ring)

@: mighty
A: large, unfitting armour, claws 3, regeneration 1, shaggy fur 1, tough skin 1
a: no special abilities


You were on level 2 of the Dungeon.
You visited 1 branch of the dungeon, and saw 2 of its levels.

You collected 56 gold pieces.

Inventory:

Armour
 a - a +0 robe (worn)
 b - a +0 kite shield (worn)


   Skills:
 + Level 2.8 Fighting
 + Level 3.0 Dodging
 + Level 2.9 Shields
 + Level 2.5 Unarmed Combat


You had 2 spell levels left.
You didn't know any spells.
Your spell library contained the following spells:

 Spells                   Type           Power      Damage    Failure   Level
 Ignite Poison            Fire/Tmut/Pois 0%         N/A       99%         3
 Mephitic Cloud           Conj/Pois/Air  0%         N/A       99%         3
 Freezing Cloud           Conj/Ice/Air   0%         6-21      100%        5


Dungeon Overview and Level Annotations

Branches:
Dungeon (2/15)

Altars:

Annotations:
D:2 Sigmund


Innate Abilities, Weirdness & Mutations

You are too large for most types of armour.
You have claws for hands.
Your natural rate of healing is unusually fast.
You are covered in fur. (AC +1)
You have tough skin. (AC +1)


Message History

You bump into the rock wall.
The quokka bites you but does no damage.
The ball python barely misses you. The quokka bites you. Something hits you!
* * * LOW HITPOINT WARNING * * *
You bump into the rock wall.
The ball python closely misses you. The quokka bites you.
* * * LOW HITPOINT WARNING * * *
You feel better.
The ball python bites you but does no damage.
The quokka bites you but does no damage.
Something hits you.
* * * LOW HITPOINT WARNING * * *
You block the ball python's attack.
You feel better.
The quokka bites you but does no damage.
The ball python misses you. Something hits you!
* * * LOW HITPOINT WARNING * * *
You feel better. You block the quokka's attack.
You block the ball python's attack.
You feel very mighty all of a sudden. You block the quokka's attack.
The ball python barely misses you. Something hits you but does no damage.
The quokka closely misses you.
You completely miss the quokka. The ball python bites you.
You block the quokka's attack. Something hits you.
* * * LOW HITPOINT WARNING * * *
You claw the quokka!
You kill the quokka!
You block the ball python's attack.
The ball python bites you but does no damage.
You hear a zap.
A puff of flame appears from out of thin air!
The puff of flame hits you.
* * * LOW HITPOINT WARNING * * *
The ball python bites you but does no damage.
You see here a quokka corpse.
You mangle something!! Something hits you!
* * * LOW HITPOINT WARNING * * *
The ball python bites you but does no damage.
You miss something. You block the ball python's attack. Something hits you!
You die...

#.##..#.##.##
#.#.#.#.#.#.#.
#.............
#.#.#.#.#.#.#
#............
###.#.#.#.#.#
#...........
##.#S#.#.#.#.
#..{@........
##.#.#.#.#.#.
#...........
##.#.#.#>#.#
#########..


You could see a ball python.

Vanquished Creatures
  2 adders (D:2)
  A dart slug (D:2)
  A ball python (D:1)
  4 endoplasms
  3 giant cockroaches
  4 goblins
  3 hobgoblins
  2 jackals (D:1)
  4 quokkas
  4 bats
  4 frilled lizards
  3 kobolds
  5 rats
40 creatures vanquished.

Notes
Turn   | Place    | Note
-------+----------+-------------------------------------------
     0 | D:1      | lonewolfV2 the Troll Fighter began the quest for the Orb.
     0 | D:1      | Reached XP level 1. HP: 22/22 MP: 0/0
   111 | D:1      | Reached XP level 2. HP: 29/29 MP: 1/1
   300 | D:1      | Found a faded altar of an unknown god.
   513 | D:2      | Reached XP level 3. HP: 36/36 MP: 2/2
   545 | D:2      | Reached skill level 3 in Dodging
   823 | D:2      | Noticed Sigmund
   838 | D:2      | HP: 1/36 [something (7)]
   839 | D:2      | Mangled by Sigmund

Illustrated notes

Levels and vault maps discovered:
D:1:      mainiacjoe_arrival_reflecting_pool, layout_rooms,
          hellmonk_ecumenical_altar_dog_temple
D:2:      layout_loops_ring, grunt_ministairs_11, st_stairs_11,
          kennysheep_generic_room_12, uniq_sigmund

Skill      XL: |  1  2  3 |
---------------+----------+-----
Dodging        | 3 |  3.0
Fighting       | |  2.8
Shields        | |  2.9
Unarmed Combat | |  2.5

Action                   || total
-------------------------++-------
Melee: Unarmed           ||   117
  Use: Scroll            ||     3
       Potion            ||     4
Armor: Robe              ||    63
Dodge: Dodged            ||    52
Block: Kite shield       ||    55
